 Dungeon Crawl Stone Soup version 0.26-a0-1181-gd376ed14c5 (webtiles) character file.

Game seed: 492306201356504470

747 sahdkjhfkaj the Magician (level 7, -3/36 HPs)
             Began as a Deep Elf Ice Elementalist on Dec 25, 2020.
             Slain by an ice beast (11 damage)
             ... on level 6 of the Dungeon.
             The game lasted 00:13:25 (5511 turns).

sahdkjhfkaj the Magician (DEIE)                     Turns: 5511, Time: 00:13:26

Health: -3/36      AC:  3    Str:  5    XL:     7   Next: 48%
Magic:  3/19       EV: 13    Int: 22    God:
Gold:   152        SH:  0    Dex: 15    Spells: 12/20 levels left

rFire    . . .     SeeInvis .   (no weapon)
rCold    . . .     Faith    .   (no shield)
rNeg     . . .     Spirit   .   a - +0 robe
rPois    +         Reflect  .   (no helmet)
rElec    .         Harm     .   k - +0 cloak
rCorr    .         Rampage  .   (no gloves)
Will     .....                  (no boots)
Stlth    ++........             (no amulet)
HPRegen  0.12/turn              c - ring of poison resistance
MPRegen  0.16/turn              (no ring)

@: no status effects
A: no striking features
a: no special abilities


You were on level 6 of the Dungeon.
You visited 1 branch of the dungeon, and saw 6 of its levels.

You collected 152 gold pieces.

Inventory:

Armour
 a - a +0 robe (worn)
 k - a +0 cloak (worn)
Jewellery
 c - a ring of poison resistance (left hand)
Scrolls
 b - 2 scrolls of magic mapping
 g - a scroll of immolation
Potions
 d - a potion of resistance {unknown}
 e - a potion of brilliance {unknown}
 j - a potion of flight {unknown}
 l - a potion of mutation {unknown}
 o - 2 potions of curing


   Skills:
 - Level 2.4 Dodging
 - Level 2.4 Stealth
 - Level 4.0 Shields
 - Level 7.0 Spellcasting
 + Level 2.5 Summonings
 - Level 6.0 Ice Magic


You had 12 spell levels left.
You knew the following spells:

 Your Spells              Type           Power        Failure   Level
b - Frozen Ramparts       Ice            68%          1%          3
c - Summon Ice Beast      Ice/Summ       26%          14%         4
A - Freeze                Ice            100%         1%          1

Your spell library contained the following spells:

 Spells                   Type           Power        Failure   Level
 Ozocubu's Armour         Ice            34%          1%          3
 Call Imp                 Summ           19%          4%          2
 Magic Dart               Conj           28%          9%          1
 Blink                    Tloc           N/A          12%         2
 Slow                     Hex            7%           12%         2
 Conjure Flame            Conj/Fire      7%           24%         3
 Mephitic Cloud           Conj/Pois/Air  7%           24%         3
 Hailstorm                Conj/Ice       20%          24%         4


Dungeon Overview and Level Annotations

Branches:
Dungeon (7/15)
 Temple: D:4-7

Altars:
Makhleb
Yredelemnul
The Shining One

Shops:
D:4 *   D:6 (


Message History

r - Retreat! s - Stop attacking. g - Guard the area. f - Follow me.
Anything else - Cancel.
Gang up on whom?
Press: ? - help, Dir - move target, f - ice beast
Aim: an ice beast (lightly wounded) Attack!
Your ice beast barely misses the ice beast.
The ice beast hits your ice beast. The ice beast freezes your ice beast.
Your ice beast completely resists.
Your ice beast barely misses the ice beast.
The ice beast hits your ice beast but does no damage.
Your ice beast disappears in a puff of smoke!
Your magical contamination has completely faded away.
There is a stone staircase leading down here.
The ice beast hits you.
* * * LOW HITPOINT WARNING * * *
The ice beast freezes you!
You die...

####### #......##
........## .........#
.......).# .........#
........@#
........Y############
........##..........#
.........#..........#
....................#
....................#
.........#..####...##
##########....# ..#
####.# ...


You could see an ice beast.

Vanquished Creatures
  Sigmund (D:2)
  Edmund (D:7)
  A hound (D:6)
  An iguana (D:4)
  An orc wizard (D:3)
  3 worker ants
  6 gnolls
  3 adders
  An ooze (D:3)
  An adder skeleton (D:4)
  7 worms
  2 dart slugs (D:1)
  3 leopard geckos
  4 orcs (D:3)
  5 giant cockroaches
  5 goblins
  11 hobgoblins
  6 jackals
  9 kobolds
  3 quokkas (D:3)
  2 ball pythons
  5 bats
  4 frilled lizards
  A leopard gecko skeleton (D:7)
  A quokka skeleton (D:4)
  4 rats
91 creatures vanquished.

Vanquished Creatures (collateral kills)
  Menkaure (D:4)
  An ice beast (D:7)
  A hound skeleton (D:6)
  A howler monkey zombie (D:7)
  A shadow imp (D:7)
5 creatures vanquished.

Grand Total: 96 creatures vanquished

Notes
Turn   | Place    | Note
-------+----------+-------------------------------------------
     0 | D:1      | sahdkjhfkaj the Deep Elf Ice Elementalist began the quest
                  | for the Orb.
     0 | D:1      | Reached XP level 1. HP: 10/10 MP: 6/6
   318 | D:1      | Reached skill level 4 in Spellcasting
   318 | D:1      | Reached XP level 2. HP: 15/15 MP: 6/9
  1166 | D:2      | Reached skill level 5 in Ice Magic
  1168 | D:2      | Reached XP level 3. HP: 15/19 MP: 4/10
  1266 | D:2      | Learned a level 3 spell: Frozen Ramparts
  1602 | D:2      | Noticed Sigmund
  1616 | D:2      | Killed Sigmund
  1617 | D:2      | Reached skill level 1 in Shields
  1617 | D:2      | Reached skill level 5 in Spellcasting
  1617 | D:2      | Reached XP level 4. HP: 13/24 MP: 9/13
  1617 | D:2      | Reached XP level 5. HP: 15/28 MP: 9/14
  1812 | D:2      | Found a basalt altar of Yredelemnul.
  1814 | D:2      | Noticed a profane servitor
  1971 | D:2      | Found a glowing golden altar of the Shining One.
  1973 | D:2      | Noticed an angel
  2339 | D:2      | Reached skill level 1 in Summonings
  2861 | D:2      | Learned a level 4 spell: Summon Ice Beast
  3028 | D:3      | Reached XP level 6. HP: 21/32 MP: 7/16
  3369 | D:3      | Reached skill level 6 in Spellcasting
  3804 | D:4      | Noticed Menkaure
  3809 | D:4      | Killed Menkaure
  3810 | D:4      | Reached skill level 7 in Spellcasting
  4100 | D:4      | Found Zootom's General Store.
  4331 | D:4      | Found a burning altar of Makhleb.
  4519 | D:4      | You fall into a shaft and drop 3 floors!
  4860 | D:7      | Noticed an ice beast
  4878 | D:7      | Killed an ice beast
  4879 | D:7      | Reached XP level 7. HP: 28/36 MP: 8/19
  4986 | D:6      | Found Beakav's Antique Weapon Boutique.
  5340 | D:6      | Noticed Edmund
  5354 | D:7      | Killed Edmund
  5495 | D:6      | HP: 1/36 [hound skeleton (2)]
  5511 | D:6      | Slain by an ice beast

Illustrated notes

Levels and vault maps discovered:
D:1:      evilmike_arrival_crescent, layout_loops_ring, chequers_arboretum,
          minivault_14
D:2:      layout_loops_corners, grunt_temple_overflow_holy_war,
          kennysheep_boxes, uniq_sigmund
D:3:      layout_basic, minmay_mini_jars
D:4:      layout_loops_ring, lightli_temple_of_fire, serial_shops, shop, shop,
          nicolae_shop_window_shopping, shop, nicolae_shop_crystal,
          uniq_menkaure
D:6:      layout_rooms, elyvilon_altar_3, nicolae_overflow_quartered_altars,
          amethyst_overflow_temple_binary, minmay_temple_entry_grid,
          serial_shops, shop, shop_fountains, kennysheep_mini_moat, shop,
          nicolae_shop_trees, uniq_edmund, uniq_duvessa
D:7:      layout_basic, ashenzari_conservatory_becter

Skill      XL: |  1  2  3  4  5  6  7 |
---------------+----------------------+-----
Spellcasting   | 4 5 7 |  7.0
Ice Magic      | 5 6 |  6.0
Shields        | 2 3 4 |  4.0
Summonings     | 1 2 |  2.5
Dodging        | |  2.4
Stealth        | |  2.4

Action                   |  1- 3 |  4- 6 |  7- 9 || total
-------------------------+-------+-------+-------++-------
Melee: Unarmed           |    14 |    14 |    12 ||    40
 Cast: Freeze            |    45 |    96 |    24 ||   165
       Frozen Ramparts   |     1 |     7 |     6 ||    14
       Summon Ice Beast  |       |     6 |     2 ||     8
  Use: Potion            |     1 |       |     1 ||     2
       Scroll            |       |     6 |     2 ||     8
 Stab: Sleeping          |       |     1 |       ||     1
Armor: Robe              |     8 |    16 |     9 ||    33
       Skin              |     3 |       |       ||     3
Dodge: Dodged            |    55 |    66 |    40 ||   161

Table legend: (Time is in decaauts)
 A = Elapsed time spent in this place.
 B = Non-inter-level travel time spent in this place.
 C = Inter-level travel time spent in this place.
 D = Time resting spent in this place.
 E = Time spent auto-exploring this place.
 F = Levels seen in this place.
 G = Mean time per level.
                   A        B        C        D        E       F      G
               +--------+--------+--------+--------+--------+-----+--------+
         Total |   5511 |   5347 |    164 |    674 |   3982 |   6 |  918.5 |
       Dungeon |   5511 |   5347 |    164 |    674 |   3982 |   6 |  918.5 |
               +--------+--------+--------+--------+--------+-----+--------+

Top non-repeatable levels by time:
     D:2: 1779 daAuts
     D:1: 1082 daAuts
     D:3: 940 daAuts
     D:7: 906 daAuts
     D:4: 714 daAuts
     D:6: 88 daAuts
